Map: Orbital Shipyard

Players

juhyg

  • Race: Zerg Zerg

PsionicVoid - Winner!

  • Race: Protoss Protoss
  • League: Bronze

VOD

Have the link to the VOD?

Description

Time

  • Played on: Nov. 18, 2015, 5:07 p.m.
  • Length: 13:53
Show
View Real Time Build Order
Export as new Build Order

juhyg Zerg 

Build Orders: Pool First 

Get SALT Encoding   

  12  0:08  Overlord  
  12  0:28  Spawning Pool  
  11  0:31  Drone  
  11  0:35  Drone  
  13  0:40  Drone  
  14  0:44  Drone  
  15  0:53  Drone  
  16  1:08  Overlord  
  16  1:14  Queen  
  18  1:18  Drone  
  19  1:38  Hatchery  
  18  1:50  Drone x2  
  18  1:51  Drone  
  21  2:02  Extractor  
  20  2:16  Extractor  
  19  2:32  Drone x3  
  22  2:43  Drone  
  23  2:53  Drone  
  23  2:55  Drone x3  
  27  3:12  Hatchery  
  26  3:16  Queen  
  28  3:32  Lair  
  28  3:34  Zergling x2  
  28  3:35  Zergling x14  
  28  3:36  Metabolic Boost  
  36  3:42  Overlord  
  36  4:04  Overlord  
  35  4:27  Zergling x2  
  35  4:28  Zergling x14  
  35  4:29  Zergling x8  
  40  4:49  Queen  
  40  5:01  Drone x2  
  40  5:02  Drone  
  40  5:03  Zergling x4  
  45  5:20  Roach Warren  
  32  5:43  Hydralisk Den  
  32  5:47  Drone  
  32  5:48  Drone x2  
  34  6:12  Hydralisk x5  
  34  6:13  Hydralisk  
  34  6:14  Hydralisk x2  
  34  6:15  Hydralisk x4  
  58  6:23  Muscular Augments  
  58  6:31  Evolution Chamber  
  57  6:35  Overlord x3  
  55  7:01  Zerg Missile Weapons Level 1  
  55  7:07  Hydralisk x2  
  55  7:08  Hydralisk x3  
  61  7:13  Drone x3  
  68  7:35  Overlord x5  
  68  8:19  Hydralisk x5  
  72  8:20  Hydralisk x3  
  72  8:26  Hydralisk  
  84  8:28  Zergling x2  
  84  8:29  Zergling x6  
  84  8:33  Drone x3  
  93  8:39  Queen  
  95  8:43  Overlord x2  
  95  9:07  Drone x2  
  97  9:13  Infestation Pit  
  96  9:18  Hydralisk x3  
  96  9:20  Zergling x12  
  96  9:21  Zergling x4  
  110  9:54  Hive  
  110  10:02  Zergling x4  
  110  10:03  Zergling x8  
  116  10:10  Zerg Missile Weapons Level 2  
  116  10:14  Extractor  
  115  10:28  Hydralisk x2  
  115  10:30  Zergling x6  
  115  10:31  Overlord x3  
  122  10:41  Overlord  
  122  10:42  Overlord  
  122  12:01  Hydralisk x6  
  122  12:02  Hydralisk x4  
  121  12:42  Roach  
  121  12:43  Roach x7  
  121  12:44  Roach x4  
  145  12:52  Ultralisk Cavern  
  145  12:56  Zergling x4  
  146  13:02  Hatchery  
  145  13:06  Drone  
  145  13:07  Drone  
Show
View Real Time Build Order
Export as new Build Order

PsionicVoid Protoss - Winner!

Build Orders: 1 Gate Expand 

Get SALT Encoding   

  12  0:02  Probe (Chrono Boost)  
  13  0:13  Probe (Chrono Boost)  
  14  0:23  Probe (Chrono Boost)  
  14  0:25  Pylon  
  15  0:48  Gateway  
  15  0:51  Probe (Chrono Boost)  
  16  1:02  Probe (Chrono Boost)  
  17  1:13  Nexus  
  17  1:40  Cybernetics Core  
  17  1:42  Pylon  
  17  1:47  Assimilator  
  17  1:52  Assimilator  
  17  2:01  Probe (Chrono Boost)  
  18  2:05  Gateway  
  18  2:07  Zealot  
  20  2:18  Probe (Chrono Boost)  
  21  2:28  Probe (Chrono Boost)  
  22  2:38  Zealot  
  22  2:39  Mothership Core (Chrono Boost)  
  26  2:46  Probe (Chrono Boost)  
  27  2:57  Probe (Chrono Boost)  
  27  2:58  Probe (Chrono Boost), Warp Gate  
  29  2:59  Zealot  
  31  3:07  Probe (Chrono Boost)  
  31  3:10  Zealot  
  34  3:16  Probe (Chrono Boost)  
  34  3:18  Probe (Chrono Boost)  
  36  3:23  Stargate  
  36  3:28  Forge  
  36  3:51  Zealot x2  
  40  4:02  Probe (Chrono Boost)  
  41  4:03  Probe (Chrono Boost)  
  41  4:05  Nexus  
  36  4:42  Void Ray  
  36  4:44  Protoss Ground Weapons Level 1  
  40  4:47  Probe x2 (Chrono Boost)  
  38  5:07  Pylon  
  38  5:13  Pylon, Zealot x2  
  42  5:19  Probe (Chrono Boost)  
  45  5:21  Mothership Core (Chrono Boost)  
  45  5:25  Void Ray  
  49  5:29  Probe (Chrono Boost)  
  49  5:34  Photon Cannon  
  50  5:37  Photon Cannon  
  48  5:44  Probe (Chrono Boost)  
  48  5:49  Assimilator  
  49  5:54  Assimilator  
  49  5:55  Probe (Chrono Boost)  
  50  6:01  Zealot x2  
  54  6:05  Probe (Chrono Boost)  
  54  6:08  Probe (Chrono Boost)  
  57  6:18  Probe (Chrono Boost)  
  57  6:29  Probe (Chrono Boost)  
  58  6:39  Probe (Chrono Boost)  
  59  6:41  Robotics Facility  
  59  6:43  Pylon  
  47  6:57  Probe (Chrono Boost)  
  48  7:05  Protoss Ground Armor Level 1  
  48  7:08  Probe (Chrono Boost)  
  49  7:11  Pylon  
  49  7:16  Pylon  
  49  7:18  Probe x2 (Chrono Boost)  
  51  7:34  Stalker  
  51  7:35  Stalker  
  55  7:43  Robotics Bay  
  55  7:48  Gateway  
  55  7:50  Gateway  
  55  7:51  Gateway  
  55  7:57  Assimilator  
  55  8:01  Probe x3 (Chrono Boost)  
  55  8:02  Assimilator  
  58  8:17  Stalker x2  
  62  8:22  Void Ray  
  66  8:32  Colossus, Nexus  
  72  8:36  Extended Thermal Lance  
  72  8:48  Stalker x2  
  74  8:49  Stalker  
  74  8:50  Stalker  
  80  8:58  Probe x3 (Chrono Boost)  
  80  9:00  Protoss Shields Level 1  
  83  9:05  Void Ray, Assimilator  
  83  9:09  Mothership Core (Chrono Boost)  
  89  9:10  Assimilator  
  89  9:13  Stalker x3  
  89  9:14  Stalker  
  97  9:25  Twilight Council  
  97  9:28  Pylon  
  97  9:30  Pylon  
  97  9:43  Colossus  
  103  9:51  Probe x2 (Chrono Boost)  
  105  9:55  Probe x2 (Chrono Boost)  
  107  10:09  Void Ray  
  111  10:31  Probe x2 (Chrono Boost)  
  113  10:37  Colossus  
  113  10:42  Stalker x4  
  125  10:44  Stalker  
  129  10:53  Protoss Ground Weapons Level 2  
  129  10:56  Blink  
  129  11:00  Pylon  
  129  11:08  Pylon  
  129  11:18  Void Ray  
  133  11:19  Stalker x3  
  139  11:27  Pylon  
  139  11:31  Pylon  
  128  11:34  Stalker x2  
  129  11:45  Sentry  
  129  11:46  Sentry  
  133  12:17  Stalker x3  
  133  12:18  Stalker x2  
  143  12:28  Colossus  
  148  12:36  Void Ray  
  147  12:42  Adept  
  149  12:51  Pylon  
  149  12:55  Pylon  
  149  12:56  Pylon  
  149  13:16  Adept x2  
  149  13:17  Adept  
Tags
 
Add a new tag
Caveats
  • Supply blocks, unpowered buildings, or Contaminate may cause inaccurate times.
  • Supply counts are checked every 10 seconds.